 Seeded DCSS version 0.28.0-61-g67df4f89a8 (webtiles) character file.

Game seed: 7015990927668815340 (custom seed)

2 Mickster the Skirmisher (level 1, -1/18 HPs)
             Began as a Demigod Wanderer on Feb 13, 2023.
             Slain by a kobold
             ... wielding a +0 dagger
              (2 damage)
             ... on level 1 of the Dungeon.
             The game lasted 00:01:07 (67 turns).

Mickster the Skirmisher (Demigod Wanderer)            Turns: 67, Time: 00:01:08

Health: -1/18      AC:  2    Str: 12    XL:     1   Next: 26%
Magic:  5/5        EV: 11    Int: 17    God:
Gold:   0          SH:  0    Dex: 11    Spells: 3/3 levels left

rFire   . . .      SeeInvis .   a - +0 club
rCold   . . .      Faith    .   (no shield)
rNeg    . . .      Spirit   .   b - +0 robe
rPois   .          Reflect  .   (no helmet)
rElec   .          Harm     .   (no cloak)
rCorr   .          Rampage  .   (no gloves)
Will    .....                   (no boots)
Stlth   +.........              (no amulet)
HPRegen 0.06/turn               (no ring)
MPRegen 0.09/turn               (no ring)

@: no status effects
A: high MP 1, forlorn, divine attributes
a: no special abilities


You were on level 1 of the Dungeon.
You visited 1 branch of the dungeon, and saw 1 of its levels.

Inventory:

Hand Weapons
 a - a +0 club (weapon)
Missiles
 d - 27 arrows
Armour
 b - a +0 robe (worn)


   Skills:
 + Level 2.8 Fighting
 + Level 1.7 Spellcasting
 + Level 1.7 Transmutations
 + Level 1.9 Air Magic
 + Level 1.0 Evocations


You had 3 spell levels left.
You didn't know any spells.
Your spell library contained the following spells:

 Spells                   Type           Power      Damage    Failure   Level
 Shock                    Conj/Air       16%        1d4       14%         1
 Sting                    Tmut/Pois      16%        1d3       14%         1
 Swiftness                Air            8%         N/A       26%         3
 Mephitic Cloud           Conj/Pois/Air  3%         N/A       41%         3
 Ignite Poison            Fire/Tmut/Pois 3%         N/A       43%         3


Dungeon Overview and Level Annotations

Branches:
Dungeon (1/15)


Innate Abilities, Weirdness & Mutations

You have an increased reservoir of magic. (+10% MP)
You shall have no god before yourself.
Your divine heritage dramatically boosts your attributes as you level up.


Message History

The rat bites you.
You closely miss the rat. The rat bites you but does no damage.
You hit the rat.
You kill the rat!
The kobold misses you.
A kobold comes into view. It is wielding a +0 whip.
You barely miss the kobold. The kobold hits you with a +0 whip.
The kobold shouts!
You hit the kobold.
The kobold is moderately wounded.
The kobold barely misses you. The kobold misses you.
You hit the kobold but do no damage.
The kobold is moderately wounded.
The kobold hits you but does no damage.
You barely miss the kobold.
The kobold is moderately wounded.
A rat comes into view.
The kobold closely misses you.
You hit the kobold but do no damage.
The kobold is moderately wounded.
A goblin comes into view. It is wielding a +0 club.
The kobold barely misses you. The kobold hits you with a +0 whip.
* * * LOW HITPOINT WARNING * * *
The goblin shouts!
You hit the kobold.
You kill the kobold!
The kobold hits you with a +0 whip.
* * * LOW HITPOINT WARNING * * *
Things that are here:
a +0 whip; a kobold corpse
As you read the scroll of teleportation, it crumbles to dust.
You feel strangely unstable. The kobold hits you with a +0 whip.
* * * LOW HITPOINT WARNING * * *
Your surroundings suddenly seem different. 2 kobolds and a rat come into view.
Found 25 sling bullets and 6 gold pieces.
Found a faded altar of an unknown god.
The kobold shouts!
You barely miss the kobold. The kobold hits you with a +0 dagger.
You die...

......
......
###......
#........
###....K...
#.P........
#....P.....
#$.K(..###
#.P@⌠⌠P..#
#..rP..P..#
#..P..P.###
#..P.P..._
#.P≈.P..###
#..P####P
#.## .P #.
..


You could see 2 kobolds and a rat.

Vanquished Creatures
  An endoplasm (D:1)
  A kobold (D:1)
  A rat (D:1)
3 creatures vanquished.

Notes
Turn   | Place    | Note
-------+----------+-------------------------------------------
     0 | D:1      | Mickster the Demigod Wanderer began the quest for the Orb.
     0 | D:1      | Mickster set off with the following items: a +0 club, a +0
                  | robe, a scroll of teleportation; and the following spells
                  | available to memorise: Shock, Sting, Swiftness, Ignite
                  | Poison, Mephitic Cloud
     0 | D:1      | Reached XP level 1. HP: 18/18 MP: 5/5
    67 | D:1      | Slain by a kobold

Illustrated notes

Levels and vault maps discovered:
D:1:      nagdon_arrival_zigzag_paths, layout_basic,
          shapermc_ecumenical_altar_mp_ritualfount, serial_curves,
          eino_curves_02, eino_curves_03

Action                   || total
-------------------------++-------
Melee: Club              ||    16
  Use: Scroll            ||     1
Armor: Robe              ||     4
Dodge: Dodged            ||     8
